AoeStats
← AiluxIII

African Clearing

506852310Analyzed
2v2 RM · 18d ago on Sep 15, 2026· 57m 9s· 4 players
Game mode
Random Map
Map size
Medium (4 player)
Population
200
Speed
Normal
Resources
Standard
Victory
Conquest
Starting age
Dark Age
Ending age
Imperial Age
RankedLock teamsTeams togetherTeam positionsShared explorationLock speedFull tech treeHidden civsTurbo modeCheats
Victory
Defeat
🇨🇭 Romans · Switzerland
1145
+13
🇭🇰 Huns · Hong Kong SAR China
1092
+15
🇪🇪 Japanese · Estonia
1091
-14
🇪🇪 Turks · Estonia
1064
-14
KICKLEELOMO
4:43 Loom
13:43 Feudal Age
15:28 Double-Bit Axe
16:57 Wheelbarrow
20:56 Scale Barding Armor
23:32 Castle Age
21:56 Gold Mining
21:47 Horse Collar
24:58 Bow Saw
28:16 Forging
30:51 Hand Cart
31:05 Bloodlines
30:26 Pikeman
31:07 Squires
33:41 Fletching
35:17 Husbandry
35:46 Elite Skirmisher
40:40 Imperial Age
40:13 Bodkin Arrow
40:42 Heavy Plow
40:23 Light Cavalry
42:06 Cavalier
43:26 Conscription
43:19 Padded Archer Armor
44:58 Bracer
45:13 Leather Archer Armor
48:02 Parthian Tactics
48:12 Heavy Cavalry Archer
49:29 Iron Casting
49:15 Chain Barding Armor
51:49 Plate Barding Armor
52:54 Hussar
57:42 Blast Furnace
56:43 Scale Mail Armor
56:43 Elite Tarkan
Del Roony
3:01 Loom
14:40 Feudal Age
15:38 Double-Bit Axe
15:44 Gold Mining
19:11 Castle Age
17:39 Stone Mining
19:48 Wheelbarrow
21:49 Hand Cart
24:08 Horse Collar
24:42 Bloodlines
25:50 Forging
25:57 Fervor
25:51 Husbandry
30:01 Scale Barding Armor
35:38 Chain Barding Armor
41:16 Heavy Plow
45:24 Imperial Age
43:55 Bow Saw
45:23 Iron Casting
46:07 Scale Mail Armor
46:11 Squires
45:31 Man-at-Arms
46:36 Conscription
47:37 Comitatenses
48:05 Town Watch
47:46 Long Swordsman
48:55 Chain Mail Armor
48:39 Legionary
50:37 Crop Rotation
50:43 Cavalier
54:48 Plate Barding Armor
55:14 Blast Furnace
Myrakaru
3:24 Loom
14:42 Feudal Age
20:02 Castle Age
19:15 Wheelbarrow
18:34 Horse Collar
21:08 Heavy Plow
26:50 Scale Mail Armor
31:28 Chain Mail Armor
36:08 Imperial Age
38:21 Plate Mail Armor
38:22 Hand Cart
40:22 Squires
43:50 Gold Mining
49:20 Fletching
49:59 Ballistics
52:55 Man-at-Arms
53:21 Arson
54:37 Scale Barding Armor
54:43 Forging
54:30 Bodkin Arrow
55:22 Bloodlines
55:12 Husbandry
54:37 Long Swordsman
AiluxIII
10:03 Loom
12:57 Feudal Age
17:35 Castle Age
16:12 Double-Bit Axe
16:12 Horse Collar
17:26 Scale Mail Armor
30:39 Chain Mail Armor
31:15 Bow Saw
31:40 Forging
32:58 Squires
33:58 Wheelbarrow
33:27 Heavy Plow
34:15 Gold Mining
34:31 Pikeman
36:12 Hand Cart
35:43 Town Watch
36:56 Iron Casting
37:59 Town Patrol
43:29 Imperial Age
41:27 Arson
43:43 Halberdier
44:55 Plate Mail Armor
45:27 Blast Furnace
46:17 Fletching
47:19 Padded Archer Armor
47:44 Conscription
47:02 Elite Samurai
49:22 Bodkin Arrow
52:11 Ballistics
52:52 Chemistry
51:15 Elite Skirmisher
53:16 Masonry
53:04 Murder Holes
Connection lost

Rejoining the realm…

Still unreachable

The connection could not be restored.

Session expired

The server has moved on; the page needs a fresh start.